AoeStats
← ARQUVICII ◢ ◤

Arabia

510325574Analyzed
1v1 RM · 1d ago on Sep 30, 2026· 32m 40s· 2 players
Game mode
Random Map
Map size
Tiny (2 player)
Population
200
Speed
Normal
Resources
Standard
Victory
Conquest
Starting age
Dark Age
Ending age
Imperial Age
RankedLock teamsTeams togetherTeam positionsShared explorationLock speedFull tech treeHidden civsTurbo modeCheats
Victory
Defeat
🇸🇬 Franks · Singapore
1388
+14
🇦🇷 Khmer · Argentina
1335
-14
ARQUVICII ◢ ◤
6:49 Loom
9:21 Feudal Age
9:53 Double-Bit Axe
12:28 Horse Collar
20:52 Castle Age
22:39 Bow Saw
GG
6:38 Loom
9:27 Feudal Age
10:18 Double-Bit Axe
16:12 Fletching
20:56 Castle Age
19:30 Gold Mining
20:04 Padded Archer Armor
21:32 Bodkin Arrow
22:45 Leather Archer Armor
22:32 Husbandry
32:32 Imperial Age
34:19 Chemistry
Connection lost

Rejoining the realm…

Still unreachable

The connection could not be restored.

Session expired

The server has moved on; the page needs a fresh start.